 Dungeon Crawl Stone Soup version 0.20-a0-463-g5747544 (webtiles) character file.

22470 esc the Fighter (level 13, -1/122 HPs)
             Began as a Hill Orc Necromancer on Jan 11, 2017.
             Was a Priest of Beogh.
             Slain by a black mamba (9 damage)
             ... on level 3 of the Lair of Beasts.
             The game lasted 01:09:20 (24495 turns).

esc the Fighter (Hill Orc Necromancer)             Turns: 24495, Time: 01:09:21

Health: -1/122     AC: 26    Str: 26    XL:     13   Next: 0%
Magic:  20/20      EV: 10    Int: 14    God:    Beogh [***...]
Gold:   207        SH:  3    Dex: 11    Spells: 14/15 levels left

rFire  + + .     SeeInvis .     w - +0 battleaxe
rCold  x . .     Gourm    .     B - +2 plate armour {rF+}
rNeg   . . .     Faith    .     (shield currently unavailable)
rPois  .         Spirit   .     v - +0 helmet
rElec  +         Reflect  +     (no cloak)
rCorr  .         Harm     .     (no gloves)
MR     .....                    J - +2 pair of boots of the Eagle {Int+2}
Stlth  ..........               P - amulet "Iwnurib" {Reflect rElec Str+7 Int-3 SH+3 Stlth+}
                                a - +4 ring of protection
                                I - ring of Muegokke {Fire Str+3}

@: lethally poisoned (-1 -> -5), very slightly contaminated, invisible
A: slow regeneration 1
a: Smiting, Renounce Religion


You were on level 3 of the Lair of Beasts.
You worshipped Beogh.
Beogh was most pleased with you.
You were not hungry.

You visited 3 branches of the dungeon, and saw 15 of its levels.
You visited 1 bazaar.
You also visited: Volcano.

You collected 835 gold pieces.
You spent 628 gold pieces at shops.

Inventory:

Hand Weapons
 i - a +0 scimitar of flaming
   (You took it off an efreet in a volcano)
 w - a +0 battleaxe (weapon)
   (You found it in a volcano)
Armour
 v - a +0 helmet (worn)
   (You found it on level 4 of the Dungeon)
 B - a +2 plate armour of fire resistance (worn)
   (You found it in a volcano)
 J - the +2 pair of boots of the Eagle (worn) {Int+2}
   (You bought it in a shop on level 9 of the Dungeon)

   It affects your intelligence (+2).
Jewellery
 a - a +4 ring of protection (right hand)
   (You found it on level 1 of the Lair of Beasts)
 I - the ring of Muegokke (left hand) {Fire Str+3}
   (You found it on level 9 of the Dungeon)

   [ring of fire]

   It enhances your fire magic.
   It affects your strength (+3).
   It protects you from fire.
   It makes you vulnerable to cold.
 N - an uncursed amulet of regeneration {unknown}
   (You found it on level 1 of the Lair of Beasts)
 P - the amulet "Iwnurib" (around neck) {Reflect rElec Str+7 Int-3 SH+3 Stlth+}
   (You found it on level 2 of the Lair of Beasts)

   [amulet of reflection]

   It shields you and reflects attacks.
   It affects your strength (+7).
   It affects your intelligence (-3).
   It insulates you from electricity.
   It affects your SH (+3).
   It makes you more stealthy.
Wands
 x - a wand of flame (17/48)
   (You found it on level 4 of the Dungeon)
 z - a wand of acid (0/15)
   (You found it on level 5 of the Dungeon)
 L - a wand of paralysis (0/24)
   (You found it on level 10 of the Dungeon)
Scrolls
 d - 8 scrolls of remove curse
 e - a scroll of immolation {unknown}
 h - 2 scrolls of random uselessness {unknown}
 n - 6 scrolls of magic mapping {!r}
 q - 2 scrolls of blinking {unknown}
 t - 2 scrolls of fog
 u - 3 scrolls of enchant armour {unknown}
 y - 4 scrolls of enchant weapon
 D - a scroll of vulnerability {unknown}
 K - a scroll of holy word {unknown}
 M - a scroll of noise {unknown}
Potions
 f - 3 potions of brilliance
 g - 2 potions of lignification {!q}
 j - a potion of might {unknown}
 k - a potion of cancellation {unknown}
 m - a potion of magic
 r - a potion of agility
 s - a potion of resistance {unknown}
Books
 b - a book of Necromancy
 l - a book of Death
   (You found it on level 3 of the Lair of Beasts)
Comestibles
 c - 8 chunks of flesh {@w0}
 o - 6 bread rations {@e1}


   Skills:
 + Level 13.3 Fighting
 + Level 12.5 Axes
 + Level 11.0 Armour
 - Level 6.5 Dodging
 - Level 1.5 Stealth
 - Level 1.5 Spellcasting
 - Level 4.0 Necromancy
 + Level 10.6 Invocations


You had 14 spell levels left.
You knew the following spells:

 Your Spells              Type           Power        Failure   Level  Hunger
a - Pain                  Necr           ##..         52%         1    ##.....


Dungeon Overview and Level Annotations

Branches:
Dungeon (11/15)            Temple (1/1) D:4            Lair (3/6) D:10
 Spider (0/4) Lair:2
  Swamp: Lair:2-4    Shoals: Lair:2-4       Orc: D:9-12

Altars:
Ashenzari
Cheibriados
Dithmenos
Elyvilon
Fedhas
Gozag
Hepliaklqana
Kikubaaqudgha
Makhleb
Nemelex Xobeh
Okawaru
Qazlal
Ru
Sif Muna
Trog
Uskayaw
Vehumet
Xom
Yredelemnul
Zin
Jiyva

Shops:
D:9 *

Annotations:
D:2 exclusion: gnoll
D:3 exclusion: Terence, Terence
D:4 Sigmund; pib's ghost, amateur DrTm
D:10 PeterMcNeter's ghost, journeyman TrBe


Innate Abilities, Weirdness & Mutations

You regenerate slowly when monsters are visible.


Message History

You closely miss the blink frog. The blink frog hits you.
The blink frog blinks!
You take 6 damage, and have 41/122 hp.
You feel sick. The blink frog barely misses you.
You take 1 damage, and have 40/122 hp.
You feel sick.
The blink frog blinks! x2
You take 1 damage, and have 39/122 hp.
Okay, then.
Okay, then.
You feel sick.
You take 1 damage, and have 38/122 hp.
You feel sick.
You take 1 damage, and have 38/122 hp.
You feel sick.
You take 1 damage, and have 37/122 hp.
The blink frog blinks!
You feel sick.
The blink frog blinks!
You found a teleport trap!
The blink frog blinks!
You block the blink frog's attack. x2
The blink frog hits you but does no damage.
The blink frog blinks!
You feel sick.
The blink frog blinks!
You take 1 damage, and have 36/122 hp.
The blink frog blinks!
Really walk into that teleport trap?
You enter a teleport trap!
The teleport trap disappears.
Your surroundings suddenly seem different.
A five-headed hydra comes into view.
The five-headed hydra roars!
You feel sick.
You take 1 damage, and have 36/122 hp.
You feel sick.
You are no longer poisoned.
Found an escape hatch in the floor.
Some of the chunks of flesh in your inventory have rotted away.
A black mamba comes into view.
The black mamba hisses angrily.
Okay, then.
You fade into invisibility!
The black mamba bites you!
* * * LOW HITPOINT WARNING * * *
You are poisoned.
The black mamba poisons you!
You are very lightly contaminated with residual magic.
You take 12 damage, and have 25/122 hp.
Okay, then.
Okay, then.
Unknown command.
Aim: a black mamba (chance to defeat MR: 46%)
Okay, then.
Okay, then.
You feel sick.
You take 2 damage, and have 23/122 hp.
You feel sick.
You take 1 damage, and have 22/122 hp.
You feel sick.
You take 2 damage, and have 20/122 hp.
You feel sick.
The black mamba bites you but does no damage.
You take 1 damage, and have 19/122 hp.
You feel sick.
The black mamba bites you but does no damage.
You take 1 damage, and have 18/122 hp.
You feel sick. You block the black mamba's attack.
You take 2 damage, and have 16/122 hp.
You feel sick.
You take 1 damage, and have 15/122 hp.
You feel sick.
The black mamba bites you but does no damage.
You take 1 damage, and have 14/122 hp.
You feel sick.
The black mamba bites you but does no damage.
You feel sick.
The black mamba bites you but does no damage.
You take 1 damage, and have 13/122 hp.
You feel sick. You block the black mamba's attack.
You take 1 damage, and have 12/122 hp.
Okay, then.
Okay, then.
Aim: a black mamba (chance to defeat MR: 46%)
The black mamba resists with some effort.
Evoking this partially-identified wand wasted a few charges.
You feel sick. You block the black mamba's attack.
You take 1 damage, and have 11/122 hp.
The black mamba bites you but does no damage.
You feel sick. The black mamba misses you.
You take 1 damage, and have 10/122 hp.
Aim: a black mamba (chance to defeat MR: 46%)
The black mamba resists with some effort.
Evoking this partially-identified wand wasted a few charges.
You feel sick.
The black mamba bites you but does no damage.
You take 1 damage, and have 9/122 hp.
You feel sick.
You feel sick.
You take 1 damage, and have 8/122 hp.
The black mamba bites you!
You die...

..............# #####..
.#.....>.#..### ###$##...
##.........## #........
##.........* ##.......
##..#.....# ##.......
*#...##...** #......>.
*,....#..,,* ###.......
*,....#*,,,* ###### #.........
**,,,***,..###@S#.##
##........ *,,,*
*#........#.####........
*,,,**#.............##......!.
*,,,**...PP...................
******....#...................
*(.#######..P####.#..##.. *#,*
##.## ######*## *** ###


You could see a black mamba.

Vanquished Creatures
  3 two-headed ogres
  A death yak (D:10)
  Pikel (D:5)
  2 lindwurms (Volcano)
  An ugly thing (D:11)
  A toenail golem (Volcano)
  A black mamba (Lair:1)
  2 spiny frogs
  A molten gargoyle (Volcano)
  2 komodo dragons (Lair:1)
  2 efreet (Volcano)
  8 jumping spiders (Lair:2)
  A hornet (D:11)
  13 blink frogs
  A hippogriff (D:9)
  A wraith (D:10)
  2 redbacks (Lair:2)
  A wyvern (D:8)
  3 fire elementals (Volcano)
  5 yaks
  A hungry ghost (D:11)
  A basilisk (Lair:1)
  A soldier ant (D:10)
  5 water moccasins
  4 orc warriors
  2 porcupines (Lair:1)
  A slave (D:5)
  6 ice beasts
  2 sky beasts
  5 phantoms
  An eye of draining (D:9)
  3 ogres
  3 wolves (Lair:1)
  3 centaurs
  4 crocodiles
  12 bullfrogs
  A wyvern zombie (D:10)
  4 earth elementals (Volcano)
  6 scorpions
  19 killer bees
  7 wights
  5 electric eels (Lair:1)
  7 howler monkeys
  3 crimson imps
  2 centaur zombies (D:10)
  9 hounds
  3 orc priests
  4 centaur skeletons
  7 jellies
  7 orc wizards
  A bullfrog skeleton (D:4)
  A gnoll shaman (D:10)
  Jessica (D:3)
  An iguana (D:10)
  Natasha (thrice) (D:3)
  8 worker ants
  3 hound zombies
  13 adders
  5 gnolls
  A shadow imp (D:8)
  An ooze (D:4)
  An adder zombie (D:7)
  An adder skeleton (D:7)
  2 dart slugs
  8 leopard geckos
  39 orcs
  8 giant cockroaches
  4 goblins
  18 hobgoblins
  22 jackals
  7 kobolds
  4 quokkas
  A ball python (D:3)
  9 bats
  2 frilled lizards
  2 jackal zombies
  A leopard gecko zombie (D:8)
  A quokka skeleton (D:4)
  7 rats
  2 fire vortices (Volcano)
  A fungus (Lair:3)
368 creatures vanquished.

Vanquished Creatures (collateral kills)
  A centaur skeleton (D:10)
  A troll (D:10)
  An orc wizard (D:10)
3 creatures vanquished.

Vanquished Creatures (others)
  An orc warrior (D:10)
  An ogre (D:5)
  A howler monkey (D:5)
  2 orc wizards (D:10)
  7 orcs
  2 fire vortices (Volcano)
  2 fungi (Lair:1)
  9 plants (Lair:1)
25 creatures vanquished.

Grand Total: 396 creatures vanquished

Notes
Turn   | Place    | Note
-------+----------+-------------------------------------------
     0 | D:1      | esc the Hill Orc Necromancer began the quest for the Orb.
     0 | D:1      | Reached XP level 1. HP: 14/14 MP: 3/3
   284 | D:1      | Reached skill level 1 in Fighting
   304 | D:1      | Reached XP level 2. HP: 17/23 MP: 4/4
   450 | D:1      | Reached skill level 2 in Dodging
  1156 | D:2      | Reached skill level 2 in Fighting
  1156 | D:2      | Reached XP level 3. HP: 27/29 MP: 1/5
  1177 | D:2      | HP: 4/29 [hobgoblin/club (5)]
  2070 | D:2      | Reached XP level 4. HP: 22/37 MP: 1/6
  2430 | D:2      | Found a hide-covered altar of Uskayaw.
  2430 | D:2      | Found a blossoming altar of Fedhas.
  2557 | D:1      | HP: 7/37 [kobold/dagger (1)]
  2558 | D:1      | HP: 3/37 [kobold/dagger (3)]
  3092 | D:2      | Reached skill level 3 in Fighting
  3366 | D:2      | Found a bloodstained altar of Trog.
  3903 | D:3      | Reached skill level 3 in Dodging
  3983 | D:3      | Gained mutation: You evolve. [potion of mutation]
  3983 | D:3      | Gained mutation: You regenerate slowly when monsters are visible. [potion of mutation]
  3983 | D:3      | Gained mutation: Armour fits poorly on your strangely shaped body. [potion of mutation]
  3991 | D:3      | HP: 6/38 [goblin (4)]
  4000 | D:2      | HP: 4/38 [goblin (2)]
  4396 | D:2      | Found a shimmering altar of Xom.
  4492 | D:3      | Noticed Jessica
  4497 | D:3      | Killed Jessica
  4497 | D:3      | Reached XP level 5. HP: 40/46 MP: 4/7
  4573 | D:3      | Found a basalt altar of Yredelemnul.
  4805 | D:3      | Noticed Natasha
  4817 | D:3      | Killed Natasha
  4817 | D:3      | Reached skill level 4 in Fighting
  5025 | D:3      | Noticed Terence
  5111 | D:3      | Noticed Natasha
  5128 | D:3      | Killed Natasha
  5342 | D:3      | Noticed Natasha
  5566 | D:3      | Killed Natasha
  5566 | D:3      | Reached XP level 6. HP: 40/53 MP: 4/8
  5861 | D:3      | Found a glowing silver altar of Zin.
  6048 | D:3      | Gained mutation: You are partially covered in iridescent scales. (AC +2) [evolution]
  6279 | D:4      | Noticed pib's ghost (amateur DrTm)
  6453 | D:3      | Reached skill level 4 in Dodging
  6483 | D:4      | Reached skill level 5 in Fighting
  6845 | D:4      | Found a staircase to the Ecumenical Temple.
  6885 | Temple   | Entered the Ecumenical Temple
  7095 | D:4      | Reached XP level 7. HP: 48/62 MP: 6/9
  7279 | D:4      | Found an opulent altar of Gozag.
  7457 | D:4      | Noticed Sigmund
  7533 | D:4      | Lost mutation: You evolve. [potion of cure mutation]
  7533 | D:4      | Lost mutation: Armour fits poorly on your strangely shaped body. [potion of cure mutation]
  7533 | D:4      | Lost mutation: You are partially covered in iridescent scales. (AC +2) [potion of cure mutation]
  7545 | D:4      | HP: 23/93 [worker ant (1)]
  7550 | D:4      | HP: 15/93 [poisoned by a worker ant]
  7644 | D:4      | HP: 13/62 [worker ant (6)]
  8146 | D:4      | Reached skill level 6 in Fighting
  8146 | D:4      | Reached skill level 1 in Armour
  8409 | D:5      | Entered Level 5 of the Dungeon
  8466 | D:5      | Found a sand-covered staircase.
  8821 | D:5      | Found an iron altar of Okawaru.
  8995 | D:5      | Noticed Pikel
  9058 | D:4      | Reached skill level 5 in Dodging
  9250 | D:5      | Reached skill level 2 in Armour
  9606 | D:5      | Reached skill level 1 in Axes
  9848 | D:5      | Found an iron altar of Okawaru.
  9914 | D:5      | Became a worshipper of Beogh the Brigand
  9940 | D:5      | HP: 16/64 [Pikel/whip of freezing (2)]
  9941 | D:5      | Killed Pikel
  9941 | D:5      | Reached skill level 7 in Fighting
  9941 | D:5      | Reached skill level 3 in Axes
  9941 | D:5      | Reached skill level 3 in Armour
  9941 | D:5      | Reached XP level 8. HP: 14/73 MP: 10/10
 10933 | D:6      | Found a sacrificial altar of Ru.
 10988 | D:6      | Reached skill level 4 in Axes
 10988 | D:6      | Reached skill level 4 in Armour
 11280 | D:6      | Reached XP level 9. HP: 81/81 MP: 11/11
 11311 | D:6      | Reached skill level 6 in Dodging
 11536 | D:6      | Reached skill level 8 in Fighting
 11536 | D:6      | Reached skill level 5 in Axes
 11773 | D:7      | Reached skill level 5 in Armour
 12139 | D:6      | Reached * piety under Beogh
 12312 | D:7      | Reached skill level 6 in Axes
 13000 | D:7      | Found a hazy altar of Hepliaklqana.
 13100 | D:7      | Reached skill level 9 in Fighting
 13144 | D:7      | Reached skill level 1 in Invocations
 13343 | D:8      | Reached skill level 6 in Armour
 13408 | D:8      | Reached ** piety under Beogh
 13408 | D:8      | Reached skill level 2 in Invocations
 13546 | D:8      | Reached skill level 7 in Axes
 13613 | D:8      | Reached XP level 10. HP: 60/91 MP: 12/12
 13772 | D:8      | Noticed a two-headed ogre
 14464 | D:8      | Reached skill level 3 in Invocations
 14785 | D:7      | HP: 22/91 [killer bee (7)]
 14790 | D:7      | HP: 11/91 [killer bee (2)]
 15060 | D:7      | Noticed a two-headed ogre
 15066 | D:7      | Killed a two-headed ogre
 15066 | D:7      | Reached skill level 4 in Invocations
 15219 | D:8      | Reached skill level 7 in Armour
 15252 | D:8      | Killed a two-headed ogre
 15252 | D:8      | Reached skill level 10 in Fighting
 15252 | D:8      | Reached skill level 8 in Axes
 15252 | D:8      | Reached skill level 5 in Invocations
 15720 | D:9      | Noticed a two-headed ogre
 15738 | D:9      | Killed a two-headed ogre
 15898 | D:9      | Got a crude bone ring
 15899 | D:9      | Identified the ring of Muegokke {Fire Str+3} (You found it on level 9 of the Dungeon)
 16012 | D:9      | Reached skill level 9 in Axes
 16073 | D:9      | Reached skill level 6 in Invocations
 16144 | D:9      | Found a hazy altar of Hepliaklqana.
 16336 | D:9      | Found Keugywk's Assorted Antiques.
 16341 | D:9      | Reached skill level 8 in Armour
 16348 | D:9      | Bought a scroll of teleportation for 81 gold pieces
 16348 | D:9      | Bought a pair of ancient boots for 256 gold pieces
 16353 | D:9      | Identified the +2 pair of boots of the Eagle {Int+2} (You bought it in a shop on level 9 of the Dungeon)
 16415 | D:9      | Bought a coppery potion for 24 gold pieces
 16415 | D:9      | Bought a scroll labeled DUGOIW OCLYFF for 27 gold pieces
 16427 | D:9      | Reached XP level 11. HP: 101/101 MP: 15/15
 16698 | D:10     | Entered Level 10 of the Dungeon
 16715 | D:10     | Reached *** piety under Beogh
 16823 | D:10     | Noticed PeterMcNeter's ghost (journeyman TrBe)
 16843 | D:10     | Reached skill level 11 in Fighting
 17187 | D:10     | Reached skill level 7 in Invocations
 17417 | D:10     | Found a staircase to the Lair.
 17418 | D:10     | Noticed a death yak
 17418 | D:10     | Noticed a death yak
 17420 | D:10     | Noticed a death yak
 17457 | D:9      | Reached skill level 10 in Axes
 17555 | D:10     | Killed a death yak
 17837 | D:11     | Reached skill level 9 in Armour
 17875 | D:11     | Found a flickering gateway to a bazaar.
 17977 | Bazaar   | Entered a bazaar
 17995 | Bazaar   | Found Methuqor's Food Emporium.
 17995 | Bazaar   | Found Kocwofaw's Food Shoppe.
 18016 | Bazaar   | Found Kela's Weapon Emporium.
 18016 | Bazaar   | Found Byturh Bijin's Antique Weapon Shoppe.
 18037 | Bazaar   | Found Jiull's Antique Weapon Shoppe.
 18052 | Bazaar   | Found Nore's Magic Scroll Shoppe.
 18098 | Bazaar   | Bought a scroll of enchant weapon for 120 gold pieces
 18098 | Bazaar   | Bought a scroll of enchant weapon for 120 gold pieces
 18489 | D:11     | Noticed a green ugly thing
 18499 | D:11     | Noticed a purple ugly thing
 18509 | D:11     | Killed a green ugly thing
 18509 | D:11     | Reached skill level 8 in Invocations
 18750 | Lair:1   | Entered Level 1 of the Lair of Beasts
 18777 | Lair:1   | HP: 21/104 [komodo dragon (23)]
 19641 | Lair:1   | Reached skill level 12 in Fighting
 19641 | Lair:1   | Reached skill level 11 in Axes
 19641 | Lair:1   | Reached XP level 12. HP: 45/112 MP: 18/18
 20215 | Lair:1   | Reached **** piety under Beogh
 20499 | Lair:1   | HP: 28/112 [poisoned by a black mamba]
 21159 | Lair:1   | Reached skill level 9 in Invocations
 21203 | Lair:1   | Reached skill level 10 in Armour
 22288 | Lair:2   | Found a hole to the Spider Nest.
 22413 | Lair:2   | Got a scintillating silver amulet
 22418 | Lair:2   | Noticed a death yak
 22419 | Lair:2   | Noticed a death yak
 22421 | Lair:2   | Noticed a death yak
 22421 | Lair:2   | Noticed a death yak
 22524 | Lair:3   | Reached skill level 12 in Axes
 22539 | Lair:3   | Identified the amulet "Iwnurib" {Reflect rElec Str+7 Int-3 SH+3 Stlth+} (You found it on level 2 of the Lair of Beasts)
 22612 | Lair:3   | Found a dark tunnel.
 22678 | Volcano  | Entered a volcano
 22736 | Volcano  | Reached skill level 10 in Invocations
 23265 | Volcano  | HP: 27/113 [fire elemental (2)]
 23311 | Volcano  | HP: 26/113 [something (6)]
 23365 | Volcano  | HP: 23/113 [fire vortex (7)]
 23844 | Volcano  | Reached skill level 13 in Fighting
 24365 | Lair:3   | Reached skill level 11 in Armour
 24435 | Lair:3   | Reached XP level 13. HP: 51/122 MP: 20/20
 24476 | Lair:3   | HP: 25/122 [black mamba (12)]
 24481 | Lair:3   | HP: 18/122 [poisoned by a black mamba]
 24486 | Lair:3   | HP: 13/122 [poisoned by a black mamba]
 24491 | Lair:3   | HP: 9/122 [poisoned by a black mamba]
 24495 | Lair:3   | Slain by a black mamba

Vault maps used:
D:1:      dpeg_arrival_oval
D:2:      kb_forest_paths, lemuel_coloured_pillars_altar,
          amethyst_overflow_temple_binary, tgw_xom
D:3:      zin_scriptorium, lemuel_doored_altar, uniq_jessica, uniq_natasha,
          uniq_terence
D:4:      kennysheep_little_box, grunt_gozag_breadcrumbs, uniq_sigmund
D:5:      overflow_temple_1_default, first_bread, enter_ossuary_1,
          okawaru_gym_becter, uniq_pikel
D:6:      nicolae_ru_the_path_less_chosen
D:7:      kennysheep_mini_moat, grunt_ogre_cave
D:8:      minivault_19, kennysheep_generic_room_12
D:9:      serial_shops, nicolae_shop_stone, basic_altar
D:10:     dpeg_lair_monsters
D:11:     serial_shops, bzr_entry_gold
Temple:   pf_slime_end_temple
Lair:1:   serial_bayou, serial_bayou_shore_a, serial_bayou_crossing,
          serial_bayou_lagoon_a, serial_bayou_lake_a
Lair:2:   minmay_guarded_unrand_snakebite, nicolae_spider_entry_tight_spaces,
          nicolae_quartered_pool_little, minmay_lair_oklob_items
Lair:3:   nicolae_volcano_entry_lava_flow, minmay_lair_oklob_chamber
Bazaar:   bazaar_long_row
Volcano:  volcano_aerie

Skill      XL: |  1  2  3  4  5  6  7  8  9 10 11 12 |
---------------+-------------------------------------+-----
Fighting       | 1 2 3 4 5 7 9 10 12 13 | 13.3
Dodging        | 2 3 4 5 6 |  6.5
Armour         | 3 4 6 8 9 11 | 11.0
Axes           | 3 4 7 9 11 12 | 12.5
Invocations    | 2 6 8 10 | 10.6
Stealth        | |  1.5
Spellcasting   | |  1.5
Necromancy     | |  4.0

Action                   |  1- 3 |  4- 6 |  7- 9 | 10-12 | 13-15 || total
-------------------------+-------+-------+-------+-------+-------++-------
Melee: Club              |    16 |    45 |       |       |       ||    61
       Dagger            |    89 |   287 |   183 |       |       ||   559
       Unarmed           |     2 |       |       |       |       ||     2
       War axe           |       |       |   123 |    92 |       ||   215
       Hand axe          |       |       |   155 |   644 |       ||   799
       Battleaxe         |       |       |       |    82 |     4 ||    86
Throw: Throwing net      |       |       |       |     1 |       ||     1
 Cast: Pain              |    30 |    31 |    23 |       |       ||    84
Invok: Convert to Beogh  |       |       |     1 |       |       ||     1
       Smiting           |       |       |       |     4 |       ||     4
 Abil: Evoke Berserk Rag |       |       |     9 |     4 |       ||    13
Evoke: Wand              |       |       |     8 |    25 |     2 ||    35
  Use: Scroll            |       |     2 |     8 |     7 |       ||    17
       Potion            |       |     1 |     4 |    15 |     1 ||    21
 Stab: Sleeping          |     4 |       |     1 |     1 |       ||     6
       Paralysed         |       |     3 |    12 |    10 |       ||    25
       Petrified         |       |     5 |     3 |       |       ||     8
       Confused          |       |     3 |     1 |     1 |       ||     5
       Petrifying        |       |       |     1 |       |       ||     1
       Held in net/web   |       |       |       |     1 |       ||     1
  Eat: Chunk             |     1 |     8 |     6 |    15 |       ||    30
       Bread ration      |     1 |       |     3 |     2 |       ||     6
       Meat ration       |       |     1 |     2 |     1 |       ||     4
       Beef jerky        |       |     2 |       |     6 |       ||     8
       Pizza             |       |       |     1 |       |       ||     1
       Fruit             |       |       |       |     3 |       ||     3
Armor: Robe              |    17 |    71 |    30 |       |       ||   118
       Leather armour    |       |       |    52 |   103 |       ||   155
       Plate armour      |       |       |       |   228 |     9 ||   237
Dodge: Dodged            |    69 |   268 |   307 |   401 |     5 ||  1050
Block: Other             |       |       |       |    19 |     6 ||    25

Vault maps used:
D:1:      dpeg_arrival_oval
D:2:      kb_forest_paths, lemuel_coloured_pillars_altar,
          amethyst_overflow_temple_binary, tgw_xom
D:3:      zin_scriptorium, lemuel_doored_altar, uniq_jessica, uniq_natasha,
          uniq_terence
D:4:      kennysheep_little_box, grunt_gozag_breadcrumbs, uniq_sigmund
D:5:      overflow_temple_1_default, first_bread, enter_ossuary_1,
          okawaru_gym_becter, uniq_pikel
D:6:      nicolae_ru_the_path_less_chosen
D:7:      kennysheep_mini_moat, grunt_ogre_cave
D:8:      minivault_19, kennysheep_generic_room_12
D:9:      serial_shops, nicolae_shop_stone, basic_altar
D:10:     dpeg_lair_monsters
D:11:     serial_shops, bzr_entry_gold
Temple:   pf_slime_end_temple
Lair:1:   serial_bayou, serial_bayou_shore_a, serial_bayou_crossing,
          serial_bayou_lagoon_a, serial_bayou_lake_a
Lair:2:   minmay_guarded_unrand_snakebite, nicolae_spider_entry_tight_spaces,
          nicolae_quartered_pool_little, minmay_lair_oklob_items
Lair:3:   nicolae_volcano_entry_lava_flow, minmay_lair_oklob_chamber
Bazaar:   bazaar_long_row
Volcano:  volcano_aerie

Table legend:
 A = Turns spent in this place as a percentage of turns spent in the entire game.
 B = Non-inter-level travel turns spent in this place as a percentage of non-inter-level travel turns spent in the entire game.
 C = Inter-level travel turns spent in this place as a percentage of turns spent in this place.
 D = Turns resting spent in this place as a percentage of non-inter-level travel turns spent in this place.
 E = Turns spent auto-exploring this place as a percentage of non-inter-level travel turns spent in this place.
 F = Non-inter-level travel turns spent in this place divided by the number of levels of this place that you've seen.
                   A       B       C       D       E      F
               +-------+-------+-------+-------+-------+----------------------
         Total | 100.0 | 100.0 |   0.7 |   4.9 |   5.6 | 352.5
       Dungeon |  72.5 |  72.4 |   0.8 |   5.2 |   6.2 | 394.6
        Temple |   0.5 |   0.5 |   3.6 |   7.4 |  44.4 |  27.0
          Lair |  17.8 |  17.8 |   0.5 |   4.3 |   3.9 | 356.3
        Bazaar |   0.7 |   0.8 |   0.0 |   0.0 |  28.9 |  45.0
       Volcano |   8.5 |   8.5 |   0.0 |   3.7 |   0.4 | 510.0
               +-------+-------+-------+-------+-------+----------------------

Table legend:
 A = Kills in this place as a percentage of kills in entire the game.
 B = Kills by you in this place as a percentage of kills by you in the entire game.
 C = Kills by friends in this place as a percentage of kills by friends in the entire game.
 D = Other kills in this place as a percentage of other kills in the entire game.
 E = Experience gained in this place as a percentage of experience gained in the entire game.
 F = Experience gained in this place divided by the number of levels of this place that you have seen.
                   A       B       C       D       E      F
               +-------+-------+-------+-------+-------+----------------------
         Total | 100.0 | 100.0 | 100.0 |  -nan | 100.0 | 1888.2
       Dungeon |  80.7 |  80.5 | 100.0 |  -nan |  51.1 | 1491.6
        Temple |   0.3 |   0.3 |   0.0 |  -nan |   0.1 |  43.0
          Lair |  15.5 |  15.7 |   0.0 |  -nan |  36.9 | 3948.0
       Volcano |   3.5 |   3.6 |   0.0 |  -nan |  11.9 | 3805.0
               +-------+-------+-------+-------+-------+----------------------
